 Dungeon Crawl Stone Soup version 0.23.0 (webtiles) character file.

Game seed: 877148599455528934

1995 diana the Ruffian (level 9, 0/88 HPs)
             Began as a Troll Hunter on Feb 8, 2019.
             Was an Initiate of Makhleb.
             Slain by an orc wizard
             ... wielding a +2 dagger of electrocution
              (19 damage)
             ... on level 7 of the Dungeon.
             The game lasted 00:13:53 (4740 turns).

diana the Ruffian (Troll Hunter)                    Turns: 4740, Time: 00:13:54

Health: 0/88       AC:  7    Str: 25    XL:     9   Next: 1%
Magic:  8/8        EV: 11    Int:  7    God:    Makhleb [......]
Gold:   281        SH:  0    Dex: 10    Spells: 8/8 levels left

rFire    . . .     SeeInvis .     - Unarmed
rCold    . . .     Gourm    +   (no shield)
rNeg     + . .     Faith    .   s - +1 animal skin
rPois    .         Spirit   .   (helmet restricted)
rElec    .         Reflect  .   (no cloak)
rCorr    .         Harm     .   (gloves unavailable)
MR       .....                  (boots unavailable)
Stlth    +.........             (no amulet)
HPRegen  0.64/turn              (no ring)
MPRegen  0.11/turn              y - ring of positive energy

@: lethally poisoned (0 -> -1)
A: large, unfitting armour, claws 3, fast metabolism 3, gourmand, regeneration
1, shaggy fur 1, tough skin 3
a: Renounce Religion


You were on level 7 of the Dungeon.
You worshipped Makhleb.
Makhleb was noncommittal.
You were not hungry.

You visited 1 branch of the dungeon, and saw 7 of its levels.

You collected 281 gold pieces.

Inventory:

Missiles
 c - 2 large rocks (quivered)
 d - 2 throwing nets
Armour
 b - a +0 robe
 s - a +1 animal skin (worn)
Jewellery
 y - a ring of positive energy (right claw)
Wands
 w - a wand of enslavement (7)
Scrolls
 e - 2 scrolls of magic mapping
 g - 2 scrolls of immolation
 i - 4 scrolls of teleportation
 j - a scroll of enchant armour {unknown}
 k - 2 scrolls of fear
 o - 3 scrolls of noise
 q - a scroll of remove curse
 r - a scroll of amnesia {unknown}
 v - 2 scrolls of identify
Potions
 a - 4 potions of flight
 h - a potion of magic
 l - 2 potions of haste
 m - a potion of resistance
 n - 2 potions of might
 p - 3 potions of lignification
 t - 2 potions of degeneration {unknown}
 u - a potion of agility {unknown}
 z - a potion of brilliance
Comestibles
 f - 6 rations


   Skills:
 * Level 5.4 Fighting
 + Level 5.4 Throwing
 + Level 3.4 Armour
 + Level 3.9 Dodging
 - Level 0.3 Stealth
 * Level 6.2 Unarmed Combat


You had 8 spell levels left.
You didn't know any spells.
Your spell library contained the following spells:

 Spells                   Type           Power        Failure   Level  Hunger
 Beastly Appendage        Tmut           #.....       43%         1    ##.....
 Sticks to Snakes         Tmut           #.......     56%         2    ###....
 Spider Form              Tmut/Pois      #.........   80%         3    ####...
 Ice Form                 Ice/Tmut       #.......     99%         4    #####..
 Blade Hands              Tmut           #.........   100%        5    ######.


Dungeon Overview and Level Annotations

Branches:
Dungeon (7/15)             Temple (0/1) D:7

Altars:
Elyvilon
Makhleb
Nemelex Xobeh
Okawaru
Sif Muna
Xom

Shops:
D:4 [

Annotations:
D:4 3 runed translucent doors, Hylith's ghost, amateur HOFi
D:7 exclusion: oklob sapling


Innate Abilities, Weirdness & Mutations

You are too large for most types of armour.
You have claws for hands.
Your metabolism is lightning-fast.
You like to eat raw meat.
Your natural rate of healing is unusually fast.
You are covered in fur. (AC +1)
You have extremely tough skin. (AC +3)


Message History

Unknown command.
You claw the orc wizard!
You kill the orc wizard!
Makhleb accepts your kill.
You feel sick.
You are no longer poisoned.
The orc closely misses you. The adder bites you.
* * * LOW HITPOINT WARNING * * *
You feel better. The adder barely misses you.
The orc hits you with a +0 falchion.
* * * LOW HITPOINT WARNING * * *
Something hits you but does no damage.
You barely miss the adder. The adder bites you.
* * * LOW HITPOINT WARNING * * *
You are poisoned.
The adder poisons you! The orc barely misses you. The orc closely misses you.
Something hits you.
* * * LOW HITPOINT WARNING * * *
You are electrocuted!!
You die...

########### ..........#
#########.##############
............†((.{o......
##.######.###..(@S..##
....# #.# #...)o...#
#...# ..>...#####..#
#...# #..###.# .# ....#
#..# #.. .. .#..# #..#
#.# .# #.(.# #..# #.# #
#...####..# ..........#
#


You could see an adder and 2 orcs.

Vanquished Creatures
  Eustachio (D:4)
  2 ice beasts
  An orc warrior (D:6)
  A phantom (D:6)
  A sky beast (D:5)
  A necrophage (D:5)
  2 ogres
  A centaur (D:7)
  2 bullfrogs
  2 crimson imps (D:6)
  A bullfrog skeleton (D:5)
  A jelly (D:7)
  An orc priest (D:6)
  4 hounds
  5 orc wizards
  10 worker ants
  Robin (D:4)
  A worker ant zombie (D:6)
  4 gnolls
  5 adders
  A howler monkey skeleton (D:4)
  An ooze (D:4)
  2 adder zombies
  2 worms (D:4)
  3 dart slugs
  6 leopard geckos
  23 orcs
  A ball python (D:6)
  8 bats
  4 giant cockroaches
  16 goblins
  12 hobgoblins
  3 quokkas
  3 frilled lizards
  10 kobolds
  A leopard gecko skeleton (D:4)
  8 rats
151 creatures vanquished.

Notes
Turn   | Place    | Note
-------+----------+-------------------------------------------
     0 | D:1      | diana the Troll Hunter began the quest for the Orb.
     0 | D:1      | Reached XP level 1. HP: 19/19 MP: 0/0
   152 | D:1      | Reached skill level 1 in Unarmed Combat
   152 | D:1      | Reached XP level 2. HP: 27/28 MP: 1/1
   774 | D:2      | Reached XP level 3. HP: 30/35 MP: 2/2
   955 | D:2      | Found a white marble altar of Elyvilon.
  1030 | D:2      | Reached XP level 4. HP: 38/42 MP: 3/3
  1361 | D:2      | Reached skill level 2 in Unarmed Combat
  1431 | D:3      | Reached skill level 1 in Armour
  1842 | D:3      | Reached XP level 5. HP: 28/50 MP: 4/4
  2291 | D:3      | Found a sparkling altar of Nemelex Xobeh.
  2387 | D:4      | Reached skill level 3 in Unarmed Combat
  2388 | D:4      | Found a runed translucent gate.
  2391 | D:4      | Found a runed translucent gate.
  2392 | D:4      | Found a runed translucent gate.
  2422 | D:4      | Reached XP level 6. HP: 61/61 MP: 5/5
  2495 | D:4      | Found a shimmering altar of Xom.
  2495 | D:4      | Found a shimmering altar of Xom.
  2496 | D:4      | Found a shimmering altar of Xom.
  2618 | D:4      | Noticed Robin
  2628 | D:4      | Reached XP level 7. HP: 54/67 MP: 6/6
  2668 | D:4      | Killed Robin
  2753 | D:4      | Found Dotyihekk's Armour Shoppe.
  2801 | D:4      | Noticed Hylith's ghost (amateur HOFi)
  2842 | D:4      | Noticed Eustachio
  2862 | D:4      | Killed Eustachio
  2862 | D:4      | Reached skill level 4 in Unarmed Combat
  2950 | D:5      | Entered Level 5 of the Dungeon
  3129 | D:5      | Found a deep blue altar of Sif Muna.
  3278 | D:5      | Found a burning altar of Makhleb.
  3293 | D:5      | Became a worshipper of Makhleb the Destroyer
  3335 | D:5      | Found an iron altar of Okawaru.
  3496 | D:5      | Reached XP level 8. HP: 72/79 MP: 7/7
  3926 | D:6      | Found a burning altar of Makhleb.
  4031 | D:6      | Reached skill level 5 in Throwing
  4031 | D:6      | Reached skill level 5 in Unarmed Combat
  4508 | D:6      | Found a sparkling altar of Nemelex Xobeh.
  4517 | D:6      | Reached skill level 5 in Fighting
  4629 | D:7      | Found a staircase to the Ecumenical Temple.
  4667 | D:7      | Reached skill level 6 in Unarmed Combat
  4732 | D:7      | Reached XP level 9. HP: 33/88 MP: 8/8
  4740 | D:7      | Slain by an orc wizard

Skill      XL: |  1  2  3  4  5  6  7  8 |
---------------+-------------------------+-----
Unarmed Combat | 1 2 3 4 6 |  6.2
Fighting       | 2 3 4 5 |  5.4
Dodging        | 2 3 |  3.9
Armour         | 1 2 3 |  3.4
Throwing       | 4 5 |  5.4
Stealth        | |  0.3

Action                   |  1- 3 |  4- 6 |  7- 9 || total
-------------------------+-------+-------+-------++-------
Melee: Unarmed           |   109 |   220 |   212 ||   541
       Punch             |       |       |     3 ||     3
Throw: Large rock        |       |       |     3 ||     3
  Use: Scroll            |       |     8 |     4 ||    12
       Potion            |       |     4 |     1 ||     5
 Stab: Sleeping          |     2 |     1 |       ||     3
  Eat: Chunk             |     6 |    19 |     9 ||    34
       Ration            |       |     1 |     2 ||     3
Armor: Robe              |    42 |    68 |    31 ||   141
       Skin              |       |     1 |       ||     1
       Animal skin       |       |       |    47 ||    47
Dodge: Dodged            |    51 |   115 |   156 ||   322
